 Dungeon Crawl Stone Soup version 0.27-a0-328-g7f782ed93a (webtiles) character file.

Game seed: 13901660552036733354

16 HoaS the Twirler (level 2, -1/17 HPs)
             Began as a Gargoyle Gladiator on Feb 11, 2021.
             Slain by a gnoll
             ... wielding a +0 club
              (6 damage)
             ... on level 1 of the Dungeon.
             The game lasted 00:02:05 (710 turns).

HoaS the Twirler (Gargoyle Gladiator)                Turns: 710, Time: 00:02:05

Health: -1/17      AC: 10    Str: 17    XL:     2   Next: 58%
Magic:  2/2        EV: 12    Int:  8    God:
Gold:   71         SH:  5    Dex: 11    Spells: 1/1 levels left

rFire    . . .     SeeInvis .   a - +0 quarterstaff
rCold    . . .     Faith    .   (shield currently unavailable)
rNeg     + . .     Spirit   .   j - +2 leather armour {rPois}
rPois    ∞         Reflect  +   c - +1 helmet
rElec    +         Harm     .   (no cloak)
rCorr    .         Rampage  .   n - +0 pair of gloves
Will     .....                  (no boots)
Stlth    +.........             e - amulet of reflection
HPRegen  0.05/turn              (no ring)
MPRegen  0.08/turn              (no ring)

@: no status effects
A: negative energy resistance 1, electricity resistance, unbreathing,
petrification resistance, miasma immunity, AC +2
a: no special abilities


You were on level 1 of the Dungeon.
You visited 1 branch of the dungeon, and saw 2 of its levels.

You collected 71 gold pieces.

Inventory:

Hand Weapons
 a - a +0 quarterstaff (weapon)
Missiles
 d - 3 throwing nets (quivered)
 i - 16 arrows
 k - 30 poisoned darts
Armour
 c - a +1 helmet (worn)
 j - a +2 leather armour of poison resistance (worn)
 n - a +0 pair of gloves (worn)
Jewellery
 e - an amulet of reflection (around neck)
Scrolls
 o - a scroll of identify
Potions
 b - a potion of invisibility {unknown}
 f - a potion of might {unknown}
 g - a potion of mutation {unknown}
 h - 2 potions of curing
 l - 2 potions of heal wounds
 p - 2 potions of berserk rage {unknown}


   Skills:
 - Level 2.1 Fighting
 * Level 3.8 Staves
 - Level 1.7 Throwing
 - Level 2.4 Dodging


You had one spell level left.
You didn't know any spells.
Your spell library was empty.

Dungeon Overview and Level Annotations

Branches:
Dungeon (2/15)

Altars:


Innate Abilities, Weirdness & Mutations

You are resistant to torment.
Your stone body is resilient. (AC +2)
You are immune to poison.
You resist negative energy. (rN+)
You are resistant to electric shocks. (rElec)
You can survive without breathing.
You are immune to petrification.
You are immune to miasma.


Message History

l - 2 potions of heal wounds The goblin shouts!
You hear a shout!
A goblin is nearby!
A hobgoblin comes into view. It is wielding a +0 club.
You hit the goblin.
You kill the goblin!
The hobgoblin barely misses you.
Found 11 gold pieces.
You see here a goblin corpse.
You sock the hobgoblin!
You kill the hobgoblin!
No target in view!
You see here a +0 club.
You now have 71 gold pieces (gained 11).
There is a shaft here. 2 gnolls come into view.
The gnoll shouts!
You hear a shout! x2
The gnoll hits you but does no damage.
You barely miss the gnoll. You block the gnoll's attack.
The gnoll hits you with a +0 club.
You hit the gnoll but do no damage.
The gnoll hits you from afar with a +0 halberd.
The gnoll hits you but does no damage.
There is a stone staircase leading up here.
You block the gnoll's attack.
You climb upwards.
There is a stone staircase leading down here.
You closely miss the gnoll. The gnoll hits you but does no damage.
You hit the gnoll but do no damage. The gnoll hits you with a +0 club!
* * * LOW HITPOINT WARNING * * *
You hit the gnoll.
The gnoll is lightly wounded.
The gnoll hits you but does no damage.
You completely miss the gnoll.
The gnoll is lightly wounded.
The gnoll hits you but does no damage.
You hit the gnoll.
The gnoll is heavily wounded.
The gnoll hits you with a +0 club.
You die...

#.....#...#.....#....#.###.###
#..<..'...#.....#....#........
#.....##.##.....#....##.......
######'###.####'###.#####...)...
#......##...##......# #.......
#......##...##.....## #...>...
#.###'####.######### #.......
#.#.....##.##.g...# ########
##.#.....'...'..@..# #
#..#.....#...#.....# ##
...#######...####### #.
#.###.......## #.# #.
.......###### #.# ####. #......#
#.# #.... #......# #.# #....
.......##########.###########....
.#(..............................


You could see a gnoll.

Vanquished Creatures
  A leopard gecko (D:1)
  A giant cockroach (D:1)
  2 goblins
  3 hobgoblins
  2 kobolds (D:1)
  A ball python (D:1)
  2 bats (D:1)
  2 frilled lizards (D:1)
  A rat (D:1)
15 creatures vanquished.

Notes
Turn   | Place    | Note
-------+----------+-------------------------------------------
     0 | D:1      | HoaS the Gargoyle Gladiator began the quest for the Orb.
     0 | D:1      | Reached XP level 1. HP: 12/12 MP: 1/1
   144 | D:1      | You fall into a shaft and drop 1 floor!
   274 | D:1      | Reached XP level 2. HP: 17/17 MP: 2/2
   710 | D:1      | Slain by a gnoll

Illustrated notes

Levels and vault maps discovered:
D:1:      dpeg_arrival_houses_and_road, layout_rooms,
          minmay_misc_feat_nine_boxes, roderic_serpentine_path,
          minmay_tiny_reverse_x
D:2:      layout_loops_cross, minitemple, minmay_misc_feat_ornament,
          kennysheep_nondescript, minmay_misc_feat_alley, nrook_loot_triangle

Action                   || total
-------------------------++-------
Melee: Quarterstaff      ||    39
  Use: Scroll            ||     4
Armor: Leather armour    ||    20
Dodge: Dodged            ||    27
Block: Other             ||     2

Table legend: (Time is in decaauts)
 A = Elapsed time spent in this place.
 B = Non-inter-level travel time spent in this place.
 C = Inter-level travel time spent in this place.
 D = Time resting spent in this place.
 E = Time spent auto-exploring this place.
 F = Levels seen in this place.
 G = Mean time per level.
                   A        B        C        D        E       F      G
               +--------+--------+--------+--------+--------+-----+--------+
         Total |    716 |    683 |     33 |      0 |    527 |   2 |  358.0 |
       Dungeon |    716 |    683 |     33 |      0 |    527 |   2 |  358.0 |
               +--------+--------+--------+--------+--------+-----+--------+

Top non-repeatable levels by time:
     D:1: 655 daAuts
     D:2: 61 daAuts
